 Dungeon Crawl Stone Soup version 0.18-a0-1372-gd644665 (webtiles) character file.

8657 Leszczynek the Basher (level 11, 58/71 HPs)
             Began as an Octopode Skald on Feb 20, 2016.
             Was a High Priest of Dithmenos.
             Quit the game on level 1 of the Lair of Beasts on Feb 21, 2016.
             The game lasted 01:01:46 (15313 turns).

Leszczynek the Basher (Octopode Skald)             Turns: 15313, Time: 01:01:47

Health: 58/71      AC:  1    Str: 11    XL:     11   Next: 34%
Magic:  14/14      EV: 16    Int: 15    God:    Dithmenos [*****.]
Gold:   594        SH:  5    Dex: 15    Spells: 4 memorised, 5 levels left

rFire  + . .     SeeInvis .     a - +0 whip (elec)
rCold  . . .     Gourm    .     k - +0 buckler
rNeg   . . .     Faith    .     (helmet restricted)
rPois  .         Spirit   .     (no amulet)
rElec  .         Dismiss  .     h - ring of protection from fire
rCorr  .         Reflect  .     (no ring)
SustAt .         Harm     .     (no ring)
MR     +....                    (no ring)
Stlth  ++++++....               (no ring)
                                (no ring)
                                (no ring)
                                (no ring)

@: wreathed by umbra, somewhat resistant to hostile enchantments, very stealthy
A: almost no armour, amphibious, 8 rings, constrict 8, camouflage 1, magic
resistance 1, gelatinous body 1
a: Shadow Step, Shadow Form, Renounce Religion


You were on level 1 of the Lair of Beasts.
You worshipped Dithmenos.
Dithmenos was extremely pleased with you.
You were very hungry.

You visited 3 branches of the dungeon, and saw 11 of its levels.
You also visited: Sewer and Ossuary.

You collected 594 gold pieces.

Inventory:

Hand Weapons
 a - a +0 whip of electrocution (weapon)
 b - a +1 blowgun
 c - a +0 hunting sling
 N - a +0 morningstar
Missiles
 g - 292 stones (quivered)
 j - 27 sling bullets
 x - 4 poisoned tomahawks
 y - 6 needles of paralysis
 B - a poisoned needle
 E - 4 tomahawks
Armour
 k - a +0 buckler (worn)
Jewellery
 h - a ring of protection from fire (left tentacle)
Wands
 s - a wand of slowing (36/48)
 C - a wand of slowing (7/48)
 D - a wand of iceblast (5/15)
 J - a wand of polymorph (9/24)
Scrolls
 e - 5 scrolls of teleportation
 i - 2 scrolls of enchant armour
 u - a scroll of recharging
 z - 4 scrolls of enchant weapon
 F - 4 scrolls of identify
 G - 2 scrolls of amnesia
 H - 4 scrolls of remove curse
 O - a scroll of fog
 P - 2 scrolls of blinking
Potions
 d - a potion of curing
 f - 2 potions of magic {unknown}
 m - 2 potions of haste
 o - a potion of brilliance
 q - 3 potions of mutation {unknown}
 r - 2 potions of agility {unknown}
 v - 4 potions of flight {unknown}
 w - a potion of heal wounds {unknown}
 A - 3 potions of might {unknown}
 Q - a potion of ambrosia {unknown}
Books
 n - a book of Battle

   Spells                             Type                      Level
   a - Infusion                       Charms                       1
   b - Shroud of Golubria             Charms/Translocation         2
   c - Song of Slaying                Charms                       2
   d - Spectral Weapon                Hexes/Charms                 3
   e - Regeneration                   Charms/Necromancy            3
 K - a book of Conjurations

   Spells                             Type                      Level
   a - Magic Dart                     Conjuration                  1
   b - Searing Ray                    Conjuration                  2
   c - Dazzling Spray                 Conjuration/Hexes            3
   d - Fulminant Prism                Conjuration/Hexes            4
   e - Iskenderun's Mystic Blast      Conjuration                  4
   f - Iskenderun's Battlesphere      Conjuration/Charms           5
Miscellaneous
 p - a phial of floods
Comestibles
 l - 3 meat rations
 t - 5 bread rations
 M - 7 slices of pizza


   Skills:
 - Level 5.0 Fighting
 + Level 12.2 Maces & Flails
 - Level 3.0 Throwing
 + Level 7.2 Dodging
 - Level 3.6 Stealth
 - Level 4.9 Shields
 - Level 2.0 Spellcasting
 + Level 3.8 Conjurations
 - Level 3.6 Hexes
 - Level 3.5 Charms


You had 5 spell levels left.
You knew the following spells:

 Your Spells              Type           Power        Failure   Level  Hunger
a - Infusion              Chrm           ##..         6%          1    #......
b - Spectral Weapon       Hex/Chrm       ##......     17%         3    ###....
c - Dazzling Spray        Conj/Hex       ##......     17%         3    ###....
s - Shroud of Golubria    Chrm/Tloc      #.........   17%         2    ###....


Dungeon Overview and Level Annotations

Branches:
Dungeon (9/15)             Temple (1/1) D:4            Lair (1/8) D:9
    Orc (0/2) D:9

Altars:
Ashenzari
Cheibriados
Dithmenos
Elyvilon
Fedhas
Gozag
Kikubaaqudgha
Makhleb
Nemelex Xobeh
Okawaru
Pakellas
Qazlal
Ru
Sif Muna
Trog
Vehumet
Xom
Yredelemnul
Zin
The Shining One
Lugonu

Annotations:
D:4 exclusion: downstairs, gorblad's ghost, amateur DECK
D:5 Edmund
D:9 exclusions: 3 killer bees and 1 more exclusion
Lair:1 gorblad's ghost, journeyman FoFi; slayr's ghost, journeyman HaHu


Innate Abilities, Weirdness & Mutations

You cannot wear most types of armour.
You are amphibious.
You can wear up to eight rings at the same time.
You can use your tentacles to constrict eight enemies at once.
Your skin changes colour to match your surroundings (Stealth).
Your rubbery body absorbs attacks (AC +1).
You are resistant to hostile enchantments.


Message History

Okay, then.
Unknown command.
Slayr's ghost whirls a spectral sling over its head.
Unknown command.
There is an escape hatch in the floor here.
Slayr's ghost says, "The bigger they are, the harder they fall!"
You see here a spiny frog corpse.
There is a stone staircase leading down here.
All of the chunks of flesh in your inventory have rotted away.
Slayr's ghost whirls a spectral sling over its head.
Aiming: Shadow Step
Press: ? - help, Dir - move target cursor There isn't a shadow there.
Okay, then.
Save game and exit?
Level annotation: gorblad's ghost, journeyman FoFi; slayr's ghost, journeyman HaHu Welcome back, Leszczynek the Octopode Skald.
Dithmenos says: Spread the eternal night.
Press ? for a list of commands and other information.
Are you sure you want to abandon this character and quit the game? (Confirm with "yes".)

.#.#.###...........#...........##
.....##P...#.#####...............
#..#.###...#.# #.#...P#.#..#.#.
#.##.# #.....# ##.#.#.##.##.#.##
#.##.###..#..####............#.P#
#.#....†........>...##.####..#.##
#.##.###.....###....##.# ##.#.##
#.#####......#####)##P.# #...#.
..... #.........@..###.# ###.....
.##.####.........W..#..###.#..#..
###............#.[.#.#...........
#..............###...............
....#####.#P#..# #..#######..#...
..........###..# #..#######...#..
#########.. #..# #...........###.
..# #####..# #..#######.###.#
...# #P###..###...# #######


You could see slayr's ghost.

Vanquished Creatures
  Pikel (D:5)
  2 spiny frogs (Lair:1)
  A human (D:7)
  4 yaks
  A hippogriff (Lair:1)
  A hungry ghost (D:6)
  3 wargs (D:9)
  4 water moccasins (Lair:1)
  2 slaves
  3 porcupines (Lair:1)
  4 black bears
  2 orc warriors
  3 ice beasts
  A sky beast (D:6)
  2 phantoms
  2 necrophages
  4 centaurs
  2 ogres
  Blork the orc (D:4)
  9 big kobolds
  A crocodile (Lair:1)
  7 giant frogs
  A gnoll sergeant (D:8)
  A water moccasin zombie (Ossuary)
  2 scorpions
  3 wights (D:8)
  2 vampire bats (D:8)
  7 crimson imps
  4 jellies
  A centaur zombie (D:7)
  A quasit (D:6)
  4 giant frog zombies
  4 orc priests
  3 hounds
  17 orc wizards
  A giant frog skeleton (D:5)
  4 iguanas
  5 worker ants
  3 big kobold zombies (Ossuary)
  4 sheep (D:7)
  2 hound skeletons
  2 mummies (Ossuary)
  10 gnolls
  4 river rats
  20 adders
  A shadow imp (D:6)
  7 oozes
  3 adder skeletons
  7 adder zombies
  8 worms
  8 giant geckos
  29 orcs
  5 ball pythons (D:3)
  2 bat skeletons (D:8)
  3 bat zombies (D:8)
  6 giant cockroaches
  4 gnoll zombies (Ossuary)
  6 goblins
  6 hobgoblins
  15 jackals
  6 quokkas
  4 bats
  A giant gecko skeleton (D:7)
  A giant gecko zombie (D:6)
  6 giant newts
  4 hobgoblin zombies (Ossuary)
  20 kobolds
  4 kobold zombies (Ossuary)
  6 orc zombies (Ossuary)
  13 rats
340 creatures vanquished.

Vanquished Creatures (collateral kills)
  2 orc priests (D:6)
2 creatures vanquished.

Vanquished Creatures (others)
  An iguana (D:4)
  A giant gecko (D:5)
  An orc (D:7)
  5 fungi (Lair:1)
  3 plants (Lair:1)
  A spectral weapon (D:5)
12 creatures vanquished.

Grand Total: 354 creatures vanquished

Notes
Turn   | Place    | Note
--------------------------------------------------------------
     0 | D:1      | Leszczynek the Octopode Skald began the quest for the Orb.
     0 | D:1      | Reached XP level 1. HP: 14/14 MP: 3/3
   391 | D:1      | Reached skill level 1 in Stealth
   456 | D:1      | Reached XP level 2. HP: 14/19 MP: 0/5
  1138 | D:2      | Reached XP level 3. HP: 17/24 MP: 2/6
  1286 | D:2      | Learned a level 2 spell: Shroud of Golubria
  1301 | D:2      | Found a glowing silver altar of Zin.
  1301 | D:2      | Noticed an angel
  1310 | D:2      | Found a shadowy altar of Dithmenos.
  1829 | D:2      | Reached XP level 4. HP: 25/29 MP: 4/7
  2284 | D:3      | Found a glowing drain.
  2563 | Sewer    | Entered a sewer
  2671 | Sewer    | Noticed a big kobold
  2678 | Sewer    | Reached skill level 4 in Maces & Flails
  2678 | Sewer    | Reached XP level 5. HP: 25/34 MP: 8/8
  2684 | Sewer    | Killed a big kobold
  2875 | Sewer    | Noticed a big kobold
  2890 | Sewer    | Killed a big kobold
  2890 | Sewer    | Reached skill level 5 in Maces & Flails
  2890 | Sewer    | Reached XP level 6. HP: 39/39 MP: 2/9
  3173 | Sewer    | Reached XP level 7. HP: 32/45 MP: 3/10
  3204 | Sewer    | Learned a level 3 spell: Spectral Weapon
  3278 | Sewer    | Reached skill level 6 in Maces & Flails
  3278 | Sewer    | Reached skill level 1 in Hexes
  3899 | D:3      | Reached skill level 7 in Maces & Flails
  4927 | D:2      | Became a worshipper of Dithmenos the Shadowed
  4988 | D:4      | Found an oddly glowing altar of Pakellas.
  4988 | D:4      | Noticed an orange crystal statue
  5019 | D:4      | Noticed gorblad's ghost (amateur DECK)
  5055 | D:4      | Reached XP level 8. HP: 13/50 MP: 11/11
  5343 | D:4      | Found a shadowy altar of Dithmenos.
  5343 | D:4      | Found an iron altar of Okawaru.
  5415 | D:4      | Found a sand-covered staircase.
  5462 | Ossuary  | Entered an ossuary
  5874 | Ossuary  | Reached * piety under Dithmenos
  6302 | D:4      | Noticed Blork the orc
  6331 | D:4      | Reached skill level 8 in Maces & Flails
  6527 | D:4      | Found a staircase to the Ecumenical Temple.
  6548 | Temple   | Entered the Ecumenical Temple
  6920 | D:4      | Killed Blork the orc
  7161 | D:4      | Found a burning altar of Makhleb.
  7203 | D:5      | Entered Level 5 of the Dungeon
  7264 | D:5      | HP: 2/50 [iguana (11)]
  7267 | D:5      | Noticed Pikel
  7553 | D:5      | Noticed Edmund
  8066 | D:5      | Killed Pikel
  8066 | D:5      | Reached skill level 9 in Maces & Flails
  8066 | D:5      | Reached skill level 5 in Dodging
  8066 | D:5      | Reached XP level 9. HP: 43/54 MP: 5/12
  8299 | D:5      | Reached ** piety under Dithmenos
  8332 | D:5      | Found a sparkling altar of Nemelex Xobeh.
  8333 | D:5      | Found a radiant altar of Vehumet.
  8391 | D:5      | Reached skill level 1 in Shields
  8479 | D:5      | Found a shadowy altar of Dithmenos.
  8667 | D:6      | Found a shimmering altar of Xom.
  8716 | D:6      | Reached skill level 10 in Maces & Flails
  8772 | D:6      | Gained mutation: You are resistant to hostile enchantments. [mutagenic meat]
  8897 | D:6      | Learned a level 3 spell: Dazzling Spray
  9994 | D:7      | Reached *** piety under Dithmenos
 10196 | D:7      | Reached XP level 10. HP: 62/62 MP: 5/13
 10450 | D:8      | Found a bloodstained altar of Trog.
 10479 | D:8      | Reached skill level 11 in Maces & Flails
 10770 | D:8      | Found a shattered altar of Ashenzari.
 10993 | D:8      | Found a snail-covered altar of Cheibriados.
 11120 | D:8      | Found an ancient bone altar of Kikubaaqudgha.
 11437 | D:8      | Reached **** piety under Dithmenos
 11461 | D:8      | >14 potions of degeneration
 11461 | D:8      | ...what?
 11461 | D:8      | carried by crimson imp
 11984 | D:9      | Found a staircase to the Orcish Mines.
 12362 | D:9      | Reached skill level 1 in Throwing
 12489 | D:9      | Found an opulent altar of Gozag.
 12547 | D:9      | Found a staircase to the Lair.
 12878 | D:9      | Noticed a hill giant
 13037 | D:9      | Reached skill level 5 in Fighting
 13119 | D:9      | Reached skill level 12 in Maces & Flails
 13249 | D:9      | fucking hill giant won't leave lair entrance
 13341 | Lair:1   | Entered Level 1 of the Lair of Beasts
 13349 | D:9      | Reached skill level 1 in Conjurations
 13349 | D:9      | Reached XP level 11. HP: 53/71 MP: 14/14
 14091 | Lair:1   | Noticed slayr's ghost (journeyman HaHu)
 14158 | Lair:1   | HaHu ghost in Lair 1, AC+++++ EV++++++ MR++
 14158 | Lair:1   | suuuuuuuuuuuuuure
 14158 | Lair:1   | so how did he die here, by blasting himself with wands i presume
 14158 | Lair:1   | because with these stats nothing would be able to touch him
 14321 | Lair:1   | Noticed gorblad's ghost (journeyman FoFi)
 14337 | Lair:1   | why are there two ghosts on one level?
 14337 | Lair:1   | isn't it supposed to be one per level?
 14957 | Lair:1   | Reached ***** piety under Dithmenos
 15313 | Lair:1   | Upgraded the game from 0.18-a0-1354-gbc5753f to 0.18-a0-1372-gd644665
 15313 | Lair:1   | Quit the game

Vault maps used:
D:1:      dpeg_arrival_concentric_ovals, moated_statue, hangedman_decor_lopped
D:2:      zin_angel, hangedman_feature_mirror, corexii_corridor_pit,
          serial_bayou_pond_b, nicolae_dithmenos_shadow_blocks
D:3:      portal_sewer_entry_b
D:4:      gammafunk_pakellas_statue_experiment, lightli_temple_of_fire,
          gammafunk_temple_overflow_wave, minmay_temple_entry_overgrown,
          nicolae_ossuary_entry_monument, uniq_blork_the_orc
D:5:      nicolae_overflow_hidden_temple, basic_altar, first_bread, uniq_pikel,
          uniq_edmund
D:6:      xom_butterflies
D:7:      grunt_livestock
D:8:      trog_ov_bears_minmay, kennysheep_mini, kennysheep_vampire_church,
          enter_bailey_7, evilmike_ruin_ashenzari
D:9:      minmay_flawed_box, marbit_many_paths, erik_lair_orcish_takeover,
          orc_0_dummy
Temple:   corrupted_temple
Lair:1:   fungi_pond_lemuel
Sewer:    sewer_co_tree
Ossuary:  ossuary_tomb_2

Action                   |  1- 3 |  4- 6 |  7- 9 | 10-12 || total
-------------------------+-------+-------+-------+-------++-------
Melee: Mace              |    48 |    66 |    90 |       ||   204
       Flail             |       |       |   201 |       ||   201
       Whip              |       |       |   180 |   383 ||   563
 Fire: Hunting sling     |       |    56 |    45 |     2 ||   103
       Blowgun           |       |       |     8 |     5 ||    13
Throw: Stone             |    15 |     3 |    22 |     9 ||    49
 Cast: Infusion          |     8 |     7 |    16 |    13 ||    44
       Shroud of Golubri |       |     6 |    32 |    40 ||    78
       Spectral Weapon   |       |       |     4 |     4 ||     8
       Dazzling Spray    |       |       |       |     4 ||     4
Evoke: Wand              |       |       |     5 |       ||     5
       Phial of floods   |       |       |     1 |       ||     1
  Use: Potion            |     1 |       |     2 |       ||     3
       Scroll            |       |     1 |    14 |     1 ||    16
 Stab: Sleeping          |     5 |     1 |    19 |    18 ||    43
       Distracted        |     1 |       |     3 |     2 ||     6
       Invisible         |       |       |       |     1 ||     1
  Eat: Chunk             |     2 |     3 |    21 |    15 ||    41
       Bread ration      |       |     1 |     1 |       ||     2
       Pizza             |       |       |     1 |     1 ||     2
       Beef jerky        |       |       |       |     2 ||     2
